 Dungeon Crawl Stone Soup version 0.22-a0-179-gb5258fd (webtiles) character file.

710 wolfsongas the Poker (level 7, -17/56 HPs)
             Began as a Gnoll Wanderer on Feb 13, 2018.
             Killed from afar by Dowan (25 damage)
             ... with a shard of ice
             ... on level 4 of the Dungeon.
             The game lasted 00:11:25 (3989 turns).

wolfsongas the Poker (Gnoll Wanderer)               Turns: 3989, Time: 00:11:25

Health: -17/56     AC:  4    Str: 16    XL:     7   Next: 68%
Magic:  10/10      EV: 12    Int: 12    God:
Gold:   161        SH:  5    Dex: 17    Spells: 11/11 levels left

rFire    . . .     SeeInvis .   a - +2 spear
rCold    . . .     Gourm    .   m - +0 buckler
rNeg     . . .     Faith    .   i - +1 leather armour
rPois    +         Spirit   .   (no helmet)
rElec    .         Reflect  .   (no cloak)
rCorr    .         Harm     .   (no gloves)
MR       .....                  (no boots)
Stlth    ++........             (no amulet)
HPRegen  0.18/turn              c - ring of poison resistance
MPRegen  0.12/turn              (no ring)

@: no status effects
A: distributed training, fangs 1, blink, wild magic 1, strong nose
a: Blink


You were on level 4 of the Dungeon.
You were hungry.

You visited 1 branch of the dungeon, and saw 4 of its levels.

You collected 161 gold pieces.

Inventory:

Hand Weapons
 a - a +2 spear (weapon)
 b - a +4 hunting sling (quivered) {ass}
Missiles
 n - 132 stones
Armour
 d - a +0 robe
 i - a +1 leather armour (worn)
 m - a +0 buckler (worn)
Jewellery
 c - a ring of poison resistance (left hand)
Scrolls
 e - a scroll of remove curse
 g - 3 scrolls of teleportation
 h - a scroll of fog
 p - a scroll of identify
Potions
 j - a potion of agility
 k - a potion of cancellation
Books
 o - a book of Maledictions

   Spells                             Type                      Level
   a - Corona                         Hexes                        1
   b - Ensorcelled Hibernation        Hexes/Ice                    2
   c - Confuse                        Hexes                        3
   d - Tukima's Dance                 Hexes                        3
   e - Dazzling Spray                 Conjuration/Hexes            3
Comestibles
 f - 11 rations


   Skills:
 + Level 5.3 Fighting
 + Level 2.6 Short Blades
 + Level 2.6 Long Blades
 + Level 2.6 Axes
 + Level 2.6 Maces & Flails
 + Level 7.1 Polearms
 + Level 5.3 Staves
 + Level 2.6 Slings
 + Level 2.6 Bows
 + Level 2.6 Crossbows
 + Level 3.7 Throwing
 + Level 2.6 Armour
 + Level 2.6 Dodging
 + Level 3.5 Stealth
 + Level 2.6 Shields
 + Level 2.6 Unarmed Combat
 + Level 2.6 Spellcasting
 + Level 2.1 Conjurations
 + Level 2.1 Hexes
 + Level 2.1 Charms
 + Level 2.1 Summonings
 + Level 2.1 Necromancy
 + Level 2.1 Translocations
 + Level 2.1 Transmutations
 + Level 2.1 Fire Magic
 + Level 2.1 Ice Magic
 + Level 2.1 Air Magic
 + Level 2.1 Earth Magic
 + Level 2.1 Poison Magic
 + Level 2.9 Invocations
 + Level 3.7 Evocations


You had 11 spell levels left.
You didn't know any spells.

Dungeon Overview and Level Annotations

Branches:
Dungeon (4/15)
 Temple: D:4-7

Altars:

Annotations:
D:4 Dowan


Innate Abilities, Weirdness & Mutations

Your experience applies equally to all skills.
You have very sharp teeth.
Your uncanny sense of smell can sniff out nearby items.
You can translocate small distances at will.
Your spells are a little harder to cast, but a little more powerful.


Message History

* * * LOW HITPOINT WARNING * * *
You hit Dowan.
Dowan is heavily wounded.
Dowan barely misses you.
You miss Dowan.
Dowan is heavily wounded.
Dowan casts a spell.
Dowan blinks!
You hit Dowan. Your bite misses Dowan.
Dowan is severely wounded.
Dowan hits you but does no damage.
You hit Dowan.
Dowan is almost dead.
Dowan mumbles some strange words.
Dowan blinks!
Dowan hits you with a dagger of pain.
* * * LOW HITPOINT WARNING * * *
Dowan points at you and mumbles some strange words.
The shard of ice hits you!
You die...

### #.#####
##..e..## ∆
#..@##.#.
#.§.##.#.##### #
#...##.#...... .#
#...##.#....####..#
#...##..#.........#
#.................#
#....##.......#####
#..........#........
#.#+#.#...(...######


You could see Dowan.

Vanquished Creatures
  The ghost of Nornya the Digger, a novice GrEE (D:4)
  The ghost of 40fy the Sneak, an amateur SpEn (D:3)
  Duvessa (D:4)
  4 worker ants (D:4)
  7 adders
  An ooze (D:3)
  A worm (D:3)
  A dart slug (D:4)
  4 leopard geckos
  7 giant cockroaches
  5 goblins
  4 hobgoblins
  8 jackals
  5 kobolds
  A quokka (D:2)
  A ball python (D:3)
  4 bats
  2 frilled lizards
  A leopard gecko skeleton (D:4)
  7 rats
66 creatures vanquished.

Notes
Turn   | Place    | Note
-------+----------+-------------------------------------------
     0 | D:1      | wolfsongas the Gnoll Wanderer began the quest for the Orb.
     0 | D:1      | wolfsongas set off with: a +2 spear, a scroll of teleportation, a +0 quarterstaff, a +0 robe, a ration
     0 | D:1      | Reached XP level 1. HP: 20/20 MP: 2/2
   120 | D:1      | Reached XP level 2. HP: 18/26 MP: 3/3
   409 | D:1      | Reached XP level 3. HP: 31/31 MP: 4/4
   791 | D:2      | Reached skill level 1 in Invocations
  1056 | D:2      | Reached skill level 1 in Short Blades
  1056 | D:2      | Reached skill level 1 in Long Blades
  1056 | D:2      | Reached skill level 1 in Axes
  1056 | D:2      | Reached skill level 1 in Maces & Flails
  1056 | D:2      | Reached skill level 1 in Slings
  1056 | D:2      | Reached skill level 1 in Bows
  1056 | D:2      | Reached skill level 1 in Crossbows
  1056 | D:2      | Reached skill level 1 in Armour
  1056 | D:2      | Reached skill level 1 in Dodging
  1056 | D:2      | Reached skill level 1 in Shields
  1056 | D:2      | Reached skill level 1 in Unarmed Combat
  1056 | D:2      | Reached skill level 1 in Spellcasting
  1157 | D:2      | Reached XP level 4. HP: 38/38 MP: 6/6
  1806 | D:3      | Gained mutation: You can translocate small distances at will. [potion of mutation]
  1806 | D:3      | Gained mutation: Your spells are a little harder to cast, but a little more powerful. [potion of mutation]
  1855 | D:3      | Noticed 40fy's ghost (amateur SpEn)
  1923 | D:3      | Killed 40fy's ghost
  1923 | D:3      | Reached skill level 1 in Conjurations
  1923 | D:3      | Reached skill level 1 in Hexes
  1923 | D:3      | Reached skill level 1 in Charms
  1923 | D:3      | Reached skill level 1 in Summonings
  1923 | D:3      | Reached skill level 1 in Necromancy
  1923 | D:3      | Reached skill level 1 in Translocations
  1923 | D:3      | Reached skill level 1 in Transmutations
  1923 | D:3      | Reached skill level 1 in Fire Magic
  1923 | D:3      | Reached skill level 1 in Ice Magic
  1923 | D:3      | Reached skill level 1 in Air Magic
  1923 | D:3      | Reached skill level 1 in Earth Magic
  1923 | D:3      | Reached skill level 1 in Poison Magic
  1923 | D:3      | Reached XP level 5. HP: 22/43 MP: 7/7
  1923 | D:3      | Reached XP level 6. HP: 25/50 MP: 8/8
  3177 | D:4      | Reached skill level 5 in Fighting
  3177 | D:4      | Reached skill level 5 in Staves
  3526 | D:4      | Noticed Nornya's ghost (novice GrEE)
  3544 | D:4      | Killed Nornya's ghost
  3544 | D:4      | Reached skill level 7 in Polearms
  3544 | D:4      | Reached XP level 7. HP: 7/56 MP: 10/10
  3918 | D:4      | Noticed Dowan
  3922 | D:4      | Noticed Duvessa
  3947 | D:4      | Killed Duvessa
  3989 | D:4      | Killed from afar by Dowan

Vault maps used:
D:1:      kennysheep_arrival_forest, minmay_statues_item
D:3:      lemuel_old_faithful
D:4:      first_ration, uniq_duvessa

Skill      XL: |  1  2  3  4  5  6 |
---------------+-------------------+-----
Invocations    | 1 2 |  2.9
Short Blades   | 1 2 |  2.6
Long Blades    | 1 2 |  2.6
Axes           | 1 2 |  2.6
Maces & Flails | 1 2 |  2.6
Slings         | 1 2 |  2.6
Bows           | 1 2 |  2.6
Crossbows      | 1 2 |  2.6
Armour         | 1 2 |  2.6
Dodging        | 1 2 |  2.6
Shields        | 1 2 |  2.6
Unarmed Combat | 1 2 |  2.6
Spellcasting   | 1 2 |  2.6
Throwing       | 3 |  3.7
Conjurations   | 1 2 |  2.1
Hexes          | 1 2 |  2.1
Charms         | 1 2 |  2.1
Summonings     | 1 2 |  2.1
Necromancy     | 1 2 |  2.1
Translocations | 1 2 |  2.1
Transmutations | 1 2 |  2.1
Fire Magic     | 1 2 |  2.1
Ice Magic      | 1 2 |  2.1
Air Magic      | 1 2 |  2.1
Earth Magic    | 1 2 |  2.1
Poison Magic   | 1 2 |  2.1
Evocations     | 3 |  3.7
Stealth        | 3 |  3.5
Fighting       | 5 |  5.3
Staves         | 5 |  5.3
Polearms       | 7 |  7.1

Action                   |  1- 3 |  4- 6 |  7- 9 || total
-------------------------+-------+-------+-------++-------
Melee: Spear             |    81 |   108 |    48 ||   237
       Bite              |     6 |     6 |     7 ||    19
 Fire: Hunting sling     |       |    44 |       ||    44
 Abil: Blink             |       |       |     1 ||     1
  Use: Scroll            |     6 |     6 |       ||    12
       Potion            |       |     7 |       ||     7
 Stab: Sleeping          |     2 |     4 |       ||     6
  Eat: Chunk             |     1 |     1 |       ||     2
       Ration            |       |     2 |       ||     2
Armor: Robe              |     1 |       |       ||     1
       Leather armour    |    10 |    12 |     6 ||    28
Dodge: Dodged            |    21 |    38 |    17 ||    76
Block: Buckler           |       |     6 |    11 ||    17

Table legend:
 A = Spawn XP
 B = Non-spawn XP
 C = Spawn XP percentage of total XP
 D = Spawn monster count
 E = Non-spawn monster count
 F = Spawn count percentage of total count
 G = Total turns spent on level
                    A         B        C        D         E        F      G
               +---------+---------+-------+---------+---------+-------+---------
         Total |       0 |    1015 |   0.0 |       0 |      66 |   0.0 |  3989
               +---------+---------+-------+---------+---------+-------+---------
           D:1 |       0 |      47 |   0.0 |       0 |      25 |   0.0 |   814
           D:2 |       0 |      60 |   0.0 |       0 |      16 |   0.0 |  1101
           D:3 |       0 |     234 |   0.0 |       0 |       9 |   0.0 |   954
           D:4 |       0 |     674 |   0.0 |       0 |      16 |   0.0 |  1120
               +---------+---------+-------+---------+---------+-------+---------
